 Dungeon Crawl Stone Soup version 0.30.1-9-gdf580d7c3d (webtiles) character file.

Game seed: 2291555624190907810

58 ChiefBigBeans the Chiller (level 3, 0/23 HPs)
             Began as a Draconian Ice Elementalist on Sept 26, 2023.
             Slain by a gnoll
             ... wielding a +0 spear
              (3 damage)
             ... on level 2 of the Dungeon.
             The game lasted 00:03:21 (1415 turns).

ChiefBigBeans the Chiller (DrIE)                    Turns: 1415, Time: 00:03:21

Health: 0/23       AC:  6    Str: 10    XL:     3   Next: 76%
Magic:  1/7        EV: 12    Int: 17    God:
Gold:   170        SH:  0    Dex: 11    Spells: 7/8 levels left

rFire   . . .        b - +0 whip
rCold   . . .        (no shield)
rNeg    . . .        (body armour unavailable)
rPois   .            (helmet restricted)
rElec   .            e - +0 cloak
rCorr   .            (no gloves)
SInv    .            (no boots)
Will    .....        (no amulet)
Stlth   ++           (no ring)
HPRegen 0.23/turn    (no ring)
MPRegen 0.10/turn

%: no passive effects
@: very slightly contaminated
A: AC +5, unfitting armour, cold-blooded, frail 1
a: no special abilities


You were on level 2 of the Dungeon.
You visited 1 branch of the dungeon, and saw 2 of its levels.

You collected 170 gold pieces.

Inventory:

Hand Weapons
 b - a +0 whip (weapon)
Armour
 e - a +0 cloak (worn)
Scrolls
 c - a scroll of identify {unknown}
 f - 2 scrolls of teleportation
Potions
 a - 2 potions of magic
 d - a potion of curing


   Skills:
 - Level 1.9 Dodging
 - Level 1.9 Stealth
 + Level 3.0 Spellcasting
 + Level 4.7 Ice Magic


You had 7 spell levels left.
You knew the following spells:

 Your Spells              Type           Power      Damage    Failure   Level
a - Freeze                Ice            72%        1d8       2%          1

Your spell library contained the following spells:

 Spells                   Type           Power      Damage    Failure   Level
 Frozen Ramparts          Ice            36%        1d6       8%          3
 Ozocubu's Armour         Ice            18%        N/A       8%          3
 Cigotuvi's Dreadful Rot  Necr/Pois/Air  4%         N/A       26%         2
 Inner Flame              Hex/Fire       2%         N/A       45%         3
 Summon Ice Beast         Ice/Summ       10%        N/A       54%         4
 Dispel Undead            Necr           2%         3d7       86%         4
 Yara's Violent Unravell  Hex/Tmut       1%         3d3       99%         5
 Death Channel            Necr           1%         N/A       100%        6
 Enfeeble                 Hex            1%         N/A       100%        7


Dungeon Overview and Level Annotations

Branches:
Dungeon (2/15)

Altars:


Innate Abilities, Weirdness & Mutations

Your plain brown scales are hard. (AC +5)
You cannot fit into any form of body armour.
You are cold-blooded and may be slowed by cold attacks.
You are frail. (-10% HP)


Message History

You hit the gnoll.
The gnoll is severely wounded.
The gnoll hits you with a +0 spear. x2
Aiming: Freeze (safe; 2% risk of failure)
Press: ? - help, Q - select action Shift-Dir - straight line, f - gnoll
Aim: a gnoll, wielding a +0 spear (severely wounded)
Okay, then.
Casting: Freeze (safe; 2% risk of failure)
Confirm with . or Enter, or press ? or * to list all spells.
Aiming: Freeze (safe; 2% risk of failure)
Press: ? - help, Shift-Dir - straight line, f - gnoll
Aim: a gnoll, wielding a +0 spear (severely wounded)
You freeze the gnoll.
The gnoll is severely wounded.
The gnoll hits you with a +0 spear.
* * * LOW HITPOINT WARNING * * *
Casting: Freeze (safe; 2% risk of failure)
Confirm with . or Enter, or press ? or * to list all spells.
Aiming: Freeze (safe; 2% risk of failure)
Press: ? - help, Shift-Dir - straight line, f/p - gnoll
Aim: a gnoll, wielding a +0 spear (severely wounded)
You miscast Freeze.
You are very lightly contaminated with residual magic.
Nothing appears to happen.
The gnoll completely misses you.
Casting: Freeze (safe; 2% risk of failure)
Confirm with . or Enter, or press ? or * to list all spells.
Aiming: Freeze (safe; 2% risk of failure)
Press: ? - help, Shift-Dir - straight line, f/p - gnoll
Aim: a gnoll, wielding a +0 spear (severely wounded)
You freeze the gnoll.
The gnoll is almost dead.
The gnoll hits you with a +0 spear.
* * * LOW HITPOINT WARNING * * *
You closely miss the gnoll.
The gnoll is almost dead.
The gnoll barely misses you.
You hit the gnoll but do no damage.
The gnoll is almost dead.
The gnoll hits you with a +0 spear.
You die...

####### ##.....## #..#.....
.#######.##.####
#........##..).# #
.......#.##..#..
#.#.########......#.###.#..
#...)?..gg@'.<........#.##.
#....#..g###......#.#.#..##
#....#...# #......#.#.##..#
#....#...##########.#.###..
#....#...#..............##.
#....#...#..........#.#..##
#....#...#####......#.#.##
....##.......#.#....#.#.#
+..#.#####.##.#...#.#


You could see 2 gnolls and a hobgoblin.

Vanquished Creatures
  A gnoll (D:2)
  An adder (D:2)
  A worm (D:2)
  4 bats (D:1)
  2 endoplasms
  A giant cockroach (D:1)
  4 goblins
  2 hobgoblins
  2 jackals (D:1)
  6 kobolds
  2 quokkas (D:1)
  3 ball pythons
  2 frilled lizards (D:1)
  4 rats
35 creatures vanquished.

Notes
Turn   | Place    | Note
-------+----------+-------------------------------------------
     0 | D:1      | ChiefBigBeans the Draconian Ice Elementalist began the
                  | quest for the Orb.
     0 | D:1      | Reached XP level 1. HP: 14/14 MP: 3/3
   194 | D:1      | Reached XP level 2. HP: 16/20 MP: 5/5
   731 | D:1      | Found a faded altar of an unknown god.
   912 | D:2      | Gained mutation: You are frail. (-10% HP) [potion of
                  | mutation]
   983 | D:2      | Reached XP level 3. HP: 23/23 MP: 6/6
  1415 | D:2      | Slain by a gnoll

Illustrated notes

Levels and vault maps discovered:
D:1:      minmay_arrival_four_circles, layout_rooms,
          nicolae_ecumenical_lake_church, dreamdust_princess_corridor,
          minmay_crystal_room, dk_noncrumbling_3
D:2:      minmay_evil_eye, layout_basic

Skill      XL: |  1  2  3 |
---------------+----------+-----
Spellcasting   | 3 |  3.0
Dodging        | |  1.9
Stealth        | |  1.9
Ice Magic      | |  4.7

Action                     || total
---------------------------++-------
  Melee: Whip              ||    59
         Tailslap          ||    11
         Unarmed           ||     1
         Punch             ||     2
   Cast: Freeze            ||    39
    Use: Potion            ||     4
         Scroll            ||     3
   Stab: Sleeping          ||     1
 Armour: Skin              ||    24
  Dodge: Dodged            ||    69
